 Dungeon Crawl Stone Soup version 0.21.0-34-g9234887 (webtiles) character file.

68 garbagetei the Charmwright (level 4, 0/37 HPs)
             Began as a Draconian Skald on Jan 29, 2018.
             Succumbed to an adder's poison
             ... on level 1 of the Dungeon.
             The game lasted 00:04:30 (1413 turns).

garbagetei the Charmwright (Draconian Skald)        Turns: 1413, Time: 00:04:30

Health: 0/37       AC:  5    Str: 13    XL:     4   Next: 1%
Magic:  6/7        EV: 12    Int: 15    God:
Gold:   54         SH:  0    Dex: 10    Spells: 6/7 levels left

rFire    + . .     SeeInvis .   f - +0 spear (venom)
rCold    + . .     Gourm    .   (no shield)
rNeg     . . .     Faith    .   (armour unavailable)
rPois    +         Spirit   .   (helmet restricted)
rElec    +         Reflect  .   (no cloak)
rCorr    +         Harm     .   (no gloves)
MR       .....                  (no boots)
Stlth    +.........             (no amulet)
HPRegen  0.12/turn              (no ring)
MPRegen  0.10/turn              (no ring)

@: lethally poisoned (0 -> -4), resistant, infused
A: unfitting armour, cold-blooded, AC +5
a: no special abilities


You were on level 1 of the Dungeon.
You were not hungry.

You visited 1 branch of the dungeon, and saw 2 of its levels.

You collected 54 gold pieces.

Inventory:

Hand Weapons
 a - a +0 falchion
 f - a +0 spear of venom (weapon)
Scrolls
 d - 4 scrolls of identify
 e - a scroll of remove curse
Books
 b - a book of Battle

   Spells                             Type                      Level
   a - Infusion                       Charms                       1
   b - Shroud of Golubria             Charms/Translocation         2
   c - Song of Slaying                Charms                       2
   d - Spectral Weapon                Hexes/Charms                 3
   e - Regeneration                   Charms/Necromancy            3
Comestibles
 c - 5 rations


   Skills:
 + Level 2.6 Fighting
 + Level 2.6 Long Blades
 + Level 0.4 Polearms
 + Level 2.6 Dodging
 + Level 0.3 Stealth
 + Level 2.3 Spellcasting
 + Level 3.2 Charms


You had 6 spell levels left.
You knew the following spells:

 Your Spells              Type           Power        Failure   Level  Hunger
a - Infusion              Chrm           ##..         6%          1    #......


Dungeon Overview and Level Annotations

Branches:
Dungeon (2/15)

Altars:


Innate Abilities, Weirdness & Mutations

Your plain brown scales are hard. (AC +5)
You cannot fit into any form of body armour.
You are cold-blooded and may be slowed by cold attacks.


Message History

You feel sick.
You kill the adder!
The goblin barely misses you.
You barely miss the goblin. The goblin hits you but does no damage.
You hit the goblin.
You kill the goblin!
You have reached level 4!
You feel clever.
* * * LOW HITPOINT WARNING * * *
You feel sick.
* * * LOW HITPOINT WARNING * * *
You feel sick.
You aren't carrying any potions.
Sorry, you're not good enough to have a special ability.
Casting: Infusion
Confirm with . or Enter, or press ? or * to list all spells.
You begin infusing your attacks with magical energy.
There is a lethal amount of poison in your body!
There is a lethal amount of poison in your body!
You die...

#
#...#.#.#..#.......#..
#
#...#.#.#.......>.....
#
#.#.#.#.#.##.......#..
######
#.#[....#.#.[........#
.....#
#.##..###.##.#.#.#.###
.....# #.##..#
#.#.###.#..... ..>..#
#.##..# #...# #.#.####
.....# #.##†.#
#######.#.# .....#
#....@# #......#.#
.....# #######
#.######.#### ####.#
#.######..... # #.#
#.##......÷## #
#.####### #..........#
# #.......#
#..........# #
#######.# #..........#
###### #.#
###'##.......# .....#
#.# #......÷.....##


There were no monsters in sight!

Vanquished Creatures
  2 adders
  An ooze (D:1)
  3 dart slugs (D:1)
  A leopard gecko (D:1)
  3 giant cockroaches (D:1)
  6 goblins
  3 hobgoblins (D:1)
  5 bats (D:1)
  6 frilled lizards (D:1)
  6 kobolds (D:1)
  5 rats (D:1)
41 creatures vanquished.

Notes
Turn   | Place    | Note
-------+----------+-------------------------------------------
     0 | D:1      | garbagetei the Draconian Skald began the quest for the Orb.
     0 | D:1      | Reached XP level 1. HP: 17/17 MP: 3/3
   121 | D:1      | Reached skill level 3 in Charms
   121 | D:1      | Reached XP level 2. HP: 17/24 MP: 1/5
   756 | D:1      | Reached XP level 3. HP: 26/30 MP: 6/6
  1409 | D:1      | Reached XP level 4. HP: 3/37 MP: 7/7
  1411 | D:1      | HP: 1/37 [poisoned by an adder]
  1413 | D:1      | Succumbed to an adder's poison

Skill      XL: |  1 |
---------------+----+-----
Charms         | 3 |  3.2
Fighting       | |  2.6
Long Blades    | |  2.6
Polearms       | |  0.4
Dodging        | |  2.6
Stealth        | |  0.3
Spellcasting   | |  2.3

Action                   |  1- 3 |  4- 6 || total
-------------------------+-------+-------++-------
Melee: Falchion          |    41 |       ||    41
       Tailslap          |     6 |       ||     6
       Spear             |    51 |       ||    51
 Cast: Infusion          |    11 |     1 ||    12
  Use: Scroll            |     2 |       ||     2
       Potion            |     1 |       ||     1
  Eat: Chunk             |     2 |       ||     2
Armor: Skin              |    35 |       ||    35
Dodge: Dodged            |    75 |       ||    75
       Rpst.: Falchion   |     5 |       ||     5
